 Dungeon Crawl Stone Soup version 0.31.0-12-g77e489cdc1 (webtiles) character file.

Game seed: 9310460566115536769

13831 Cheops the Grappler (level 11, -13/89 HPs)
             Began as a Troll Shapeshifter on Feb 19, 2024.
             Was a Follower of Wu Jian.
             Mangled by a hell knight
             ... wielding a +0 great sword of flaming
              (29 damage)
             ... on level 10 of the Dungeon on Feb 20, 2024.
             The game lasted 00:35:22 (9571 turns).

Cheops the Grappler (Troll Shapeshifter)            Turns: 9571, Time: 00:35:22

Health: -13/89     AC:  9    Str: 38    XL:     11   Next: 80%
Magic:  10/10      EV: 11    Int:  6    God:    Wu Jian [*.....]
Gold:   1189       SH:  5    Dex: 11    Spells: 10/10 levels left

rFire   + .          .
                       - Unarmed
rCold   . . .        (shield currently unavailable)
rNeg    . . .        z - +3 steam dragon scales
rPois   .            f - +1 hat of Trial and Error {Str+6}
rElec   .            q - +2 cloak
rCorr   .            (gloves unavailable)
SInv    .            (boots unavailable)
Will    +....        v - amulet of reflection
Stlth   +            w - ring of protection from fire
HPRegen 1.14/turn    s - +6 ring of strength
MPRegen 0.12/turn

%: reflection
@: blade hands, enlightened, flying
A: large, unfitting armour, (claws 3), regeneration 1, shaggy fur 1, tough skin
1
a: Begin Untransformation, Renounce Religion


You were on level 10 of the Dungeon.
You worshipped Wu Jian.
Wu Jian was aware of your devotion.
You had blades for hands.
You visited 2 branches of the dungeon, and saw 12 of its levels.
You also visited: Bailey.

You collected 1189 gold pieces.

Inventory:

Armour
 f - the +1 hat of Trial and Error (worn) {Str+6}
   (You acquired it on level 9 of the Dungeon)

   Str+6:     It affects your strength (+6).
 q - a +2 cloak (worn)
 z - +3 steam dragon scales (worn)
 A - a +0 troll leather armour
 D - a +0 robe of cold resistance
Jewellery
 s - a +6 ring of strength (right blade hand)
 v - an amulet of reflection (around neck)
 w - a ring of protection from fire (left blade hand)
 J - a ring of ice
Talismans
 a - a beast talisman
 b - a flux talisman
 c - a blade talisman (active)
 d - the serpent talisman of Gayshriar {rN+ Dex+4}
   (You found it on level 10 of the Dungeon)

   [serpent talisman]

   Dex+4:     It affects your dexterity (+4).
   rN+:       It protects you from negative energy.
Wands
 p - a wand of flame (36)
 C - a wand of digging (3)
 H - a wand of quicksilver (3)
 I - a wand of polymorph (4)
Scrolls
 e - 6 scrolls of teleportation
 g - 2 scrolls of fog {unknown}
 h - a scroll of amnesia {unknown}
 m - 2 scrolls of blinking {unknown}
 n - a scroll of poison {unknown}
 r - a scroll of torment
 t - a scroll of silence
 u - 2 scrolls of vulnerability {unknown}
 x - a scroll of summoning
 y - 2 scrolls of immolation {unknown}
Potions
 i - 3 potions of cancellation
 k - a potion of ambrosia
 l - a potion of heal wounds
 o - 5 potions of curing
 E - 6 potions of enlightenment
 F - a potion of might
 G - 3 potions of lignification
Miscellaneous
 j - a phantom mirror
 B - a phial of floods


   Skills:
 - Level 0.7 Fighting
 - Level 6.0 Dodging
 + Level 14.4 Unarmed Combat
 * Level 10.5 Shapeshifting


You had 10 spell levels left.
You didn't know any spells.
Your spell library contained the following spells:

 Spells                   Type           Power      Damage    Failure   Level
 Freeze                   Ice            0%         1d3       45%         1
 Kiss of Death            Conj/Necr      0%         2d5       45%         1
 Confusing Touch          Hex            0%         N/A       83%         3
 Dazzling Flash           Conj/Hex       0%         N/A       83%         3
 Frozen Ramparts          Ice            0%         1d1       83%         3
 Hailstorm                Conj/Ice       0%         3d5       83%         3
 Volatile Blastmotes      Fire/Tloc      0%         2d10      83%         3
 Animate Dead             Necr           0%         N/A       99%         4
 Dispel Undead            Necr           0%         3d6       99%         4
 Summon Blazeheart Golem  Fire/Summ      0%         N/A       99%         4
 Borgnjor's Vile Clutch   Necr/Erth      0%         N/A       100%        5
 Death Channel            Necr           0%         N/A       100%        6
 Starburst                Conj/Fire      0%         6d3       100%        6
 Haunt                    Necr/Summ      0%         N/A       100%        7
 Orb of Destruction       Conj           0%         9d5       100%        7
 Spellforged Servitor     Conj/Summ      0%         N/A       100%        7
 Infestation              Necr           0%         N/A       100%        8
 Maxwell's Capacitive Co  Air            0%         ∞         100%        8
 Chain Lightning          Conj/Air       0%         N/A       100%        9
 Fire Storm               Conj/Fire      0%         5d1       100%        9
 Shatter                  Erth           0%         3d5*      100%        9


Dungeon Overview and Level Annotations

Branches:
Dungeon (11/15)            Temple (1/1) D:7            Lair (0/5) D:8
    Orc (0/2) D:10         Bailey (visited)

Altars:
Ashenzari
Cheibriados
Dithmenos
Elyvilon
Fedhas
Gozag
Hepliaklqana
Kikubaaqudgha
Makhleb
Nemelex Xobeh
Okawaru
Qazlal
Ru
Sif Muna
Trog
Uskayaw
Vehumet
Wu Jian
Xom
Yredelemnul
Zin
The Shining One
Lugonu

Shops:
D:4 :   D:5 :

Portals:
Abyss: D:5


Innate Abilities, Weirdness & Mutations

You have blades for hands.
You are incapable of wielding weapons or throwing items.
You are too large for most types of armour.
((You have claws for hands.))
Your natural rate of healing is unusually fast.
You are covered in fur. (AC +1)
You have tough skin. (AC +1)


Message History

You slash the hell hound!
The hell hound is heavily wounded.
You slice the hell hound!!
You kill the hell hound!
The Council accepts your kill. The hell hound bites you.
* * * LOW HITPOINT WARNING * * *
The hell hound attacks as it pursues you!
The hell hound bites you!
* * * LOW HITPOINT WARNING * * *
Unknown command.
Unknown command.
Unknown command.
You shred the hell hound!!!
You kill the hell hound!
The Council accepts your kill.
The hell knight mumbles some strange prayers to its god.
The hell knight seems to speed up.
Okay, then.
A necromancer comes into view. It is wielding a +0 dagger.
You block the hell knight's attack.
You slice the hell knight!!
The hell knight is moderately wounded.
A hell knight comes into view.
It is wielding a +3 scimitar of distortion.
The hell knight hits you with a +0 great sword of flaming!
* * * LOW HITPOINT WARNING * * *
Unknown command.
Unknown command.
Unknown command.
Press: ? - help, v - describe, . - travel, g - get item
Here: a hell knight, wielding a +0 great sword of flaming and wearing a +0 chain mail (moderately wounded, fast) Item here: a hell hound corpse.
The floor, spattered with blood.
The hell knight attacks as it pursues you!
The hell knight hits you with a +0 great sword of flaming!
* * * LOW HITPOINT WARNING * * *
The hell knight burns you.
* * * LOW HITPOINT WARNING * * *
The hell knight hits you with a +0 great sword of flaming!!
You die...

.........##########...###........
###..#....................###.##.
#.##.#############.###..###.##. #
#.##.#..........)#.##..........
###.#..#.###≈§≈###.#........#....
.......#.#.pp.†..#.#.##...#......
###.##.#.#.#####.#†§.##...#....[.
....##.#.# #p#.≈......##.....
######.#.# #@#†≈.##.#........
#.#.# #.#.≈.##.#####.#.# #.#)#
#.#†≈..........>.# ##.#.#
..#.#.#####.##'###
#..#.#########.#...# #.#)..##
#####..#.....<.....#.#.###.)..>.#
.....<.#############........)....
.#...................#.##...[....
........................+........


You could see a hell knight (fast).

Vanquished Creatures
  Fannar (D:10)
  Erolcha (D:10)
  A two-headed ogre (D:10)
  A hell knight (D:10)
  A deep elf pyromancer (D:8)
  An orc knight (Bailey)
  Maurice (D:9)
  Maggie (D:7)
  2 kobold demonologists (D:9)
  A troll (D:9)
  Prince Ribbit (D:9)
  Sigmund (D:2)
  13 yaks
  A wyvern (D:8)
  A basilisk (D:8)
  A warg (D:10)
  A steam dragon (D:4)
  Menkaure (D:7)
  2 acid dragons
  7 hell hounds (D:10)
  4 water moccasins
  A swamp drake (D:10)
  13 orc warriors
  3 sky beasts
  An ice beast (D:6)
  A black bear (D:8)
  An ogre (D:5)
  3 phantoms
  4 centaurs
  5 kobold brigands
  3 scorpions
  2 bullfrogs (D:8)
  4 gnoll sergeants
  6 wights (D:8)
  2 hounds (D:5)
  4 bombardier beetles
  4 jellies
  11 orc priests
  A sleepcap (D:5)
  3 iguanas
  10 orc wizards
  20 gnolls
  8 adders
  A shadow imp (D:8)
  2 ufetubi (D:7)
  2 dart slugs
  47 orcs
  10 ball pythons
  2 bats (D:3)
  5 endoplasms
  A giant cockroach (D:1)
  11 goblins
  9 hobgoblins
  8 jackals
  3 quokkas
  2 frilled lizards
  27 kobolds
  2 rats
286 creatures vanquished.

Vanquished Creatures (others)
  A goblin (D:4)
  2 lurking horrors (D:5)
3 creatures vanquished.

Grand Total: 289 creatures vanquished

Notes
Turn   | Place    | Note
-------+----------+-------------------------------------------
     0 | D:1      | Cheops the Troll Shapeshifter began the quest for the Orb.
     0 | D:1      | Reached XP level 1. HP: 18/18 MP: 0/0
   356 | D:1      | Reached XP level 2. HP: 26/26 MP: 1/1
   792 | D:2      | Noticed Sigmund
   806 | D:2      | HP: 1/26 [something (7)]
   808 | D:2      | Killed Sigmund
   809 | D:2      | Reached skill level 5 in Unarmed Combat
   809 | D:2      | Reached XP level 3. HP: 4/32 MP: 2/2
   809 | D:2      | Reached XP level 4. HP: 6/40 MP: 3/3
   809 | D:2      | Reached XP level 5. HP: 6/46 MP: 4/4
  1013 | D:2      | Found a snail-covered altar of Cheibriados.
  1485 | D:3      | Found a faded altar of an unknown god.
  1541 | D:3      | Found a blossoming altar of Fedhas.
  1602 | D:3      | Found an iron altar of Okawaru.
  1605 | D:3      | Found a radiant altar of Vehumet.
  1629 | D:3      | Found a bloodstained altar of Trog.
  1629 | D:3      | Found a stormy altar of Qazlal.
  1629 | D:3      | Noticed a sky beast
  1646 | D:3      | Killed a sky beast
  1647 | D:3      | Reached skill level 6 in Unarmed Combat
  1647 | D:3      | Reached XP level 6. HP: 27/54 MP: 5/5
  1944 | D:3      | Found a shadowy altar of Dithmenos.
  2135 | D:4      | Found a glowing golden altar of the Shining One.
  2141 | D:4      | Found a sacrificial altar of Ru.
  2144 | D:4      | Found a burning altar of Makhleb.
  2465 | D:4      | Found Paempyth's Book Emporium.
  2692 | D:4      | Reached XP level 7. HP: 61/61 MP: 6/6
  2699 | D:4      | Reached skill level 7 in Unarmed Combat
  2699 | D:4      | Reached skill level 5 in Shapeshifting
  2709 | D:4      | Noticed a steam dragon
  2716 | D:4      | Killed a steam dragon
  2991 | D:5      | Entered Level 5 of the Dungeon
  3108 | D:5      | Reached skill level 8 in Unarmed Combat
  3131 | D:5      | Found Xaskiwn's Book Shop.
  3245 | D:5      | Reached XP level 8. HP: 59/68 MP: 7/7
  3303 | D:5      | Found a one-way gate to the infinite horrors of the Abyss.
  3303 | D:5      | Found a corrupted altar of Lugonu.
  4211 | D:6      | Reached skill level 9 in Unarmed Combat
  4624 | D:6      | Reached XP level 9. HP: 60/75 MP: 8/8
  5148 | D:7      | Found a staircase to the Ecumenical Temple.
  5403 | D:7      | Noticed Menkaure
  5414 | D:7      | Killed Menkaure
  5465 | D:7      | Reached skill level 10 in Unarmed Combat
  5490 | D:7      | Noticed Maggie
  5503 | D:7      | Killed Maggie
  6085 | D:8      | Reached skill level 10 in Shapeshifting
  6109 | D:8      | Reached XP level 10. HP: 67/82 MP: 9/9
  6197 | D:7      | HP: 4/83 [orc priest/+0 flail (9)]
  6571 | D:8      | Reached skill level 11 in Unarmed Combat
  6681 | D:8      | Found a staircase to the Lair.
  6882 | D:8      | Noticed a deep elf pyromancer
  6897 | D:8      | Killed a deep elf pyromancer
  6898 | D:8      | Reached skill level 12 in Unarmed Combat
  7084 | D:9      | Identified a scroll of acquirement
  7084 | D:9      | Acquired the +1 hat of Trial and Error {Str+6}
  7117 | D:9      | Noticed Prince Ribbit
  7143 | D:9      | Killed Prince Ribbit
  7192 | D:9      | Found a hazy altar of Hepliaklqana.
  7199 | D:9      | Found a flagged portal.
  7300 | Bailey   | Entered a bailey
  7307 | Bailey   | Noticed an orc knight
  7477 | Bailey   | Killed an orc knight
  7483 | Bailey   | Reached XP level 11. HP: 54/89 MP: 10/10
  7660 | D:9      | Reached skill level 13 in Unarmed Combat
  7775 | D:9      | Identified the +6 flail "Xialuc" {freeze, Dex+4}
  7848 | D:9      | Noticed Maurice
  7857 | D:9      | Maurice stole a phantom mirror
  7877 | D:9      | Maurice stole an amulet of reflection
  7878 | D:9      | Killed Maurice
  7975 | D:9      | Reached skill level 5 in Dodging
  8301 | Temple   | Entered the Ecumenical Temple
  8315 | Temple   | Became a worshipper of the Wu Jian Council
  8387 | D:10     | Entered Level 10 of the Dungeon
  8437 | D:10     | Noticed Erolcha
  8447 | D:10     | Killed Erolcha
  8518 | D:10     | Identified the serpent talisman of Gayshriar {rN+ Dex+4}
  8631 | D:10     | Noticed a two-headed ogre
  8638 | D:10     | Killed a two-headed ogre
  8808 | D:10     | Noticed Fannar
  8818 | D:10     | Killed Fannar
  8819 | D:10     | Reached skill level 14 in Unarmed Combat
  9150 | D:10     | Found a staircase to the Orcish Mines.
  9451 | D:10     | Reached * piety under Wu Jian
  9463 | D:10     | Noticed a hell knight
  9470 | D:10     | Killed a hell knight
  9558 | D:10     | Noticed a hell knight
  9567 | D:10     | Noticed a necromancer
  9568 | D:10     | Noticed a hell knight
  9571 | D:10     | Mangled by a hell knight

Illustrated notes

Levels and vault maps discovered:
D:1:      psy_arrival_statuary, layout_loops_ring
D:2:      wad_pebble_path, layout_loops_cross, basic_altar, uniq_sigmund
D:3:      layout_basic, nicolae_overflow_hidden_temple,
          mainiacjoe_overflow_boulevard, nicolae_qazlal_beasts_of_the_sky,
          nicolae_dithmenos_through_a_glass_darkly,
          shapermc_ecumenical_altar_starsandcircs
D:4:      cheibrodos_barr_body, layout_basic, minmay_overflow_temple_star_quad,
          serial_shops, shop, kennysheep_generic_room_16
D:5:      dreamdust_elfheim, layout_basic, serial_shops,
          nicolae_shop_tiny_statue_garden, amcnicky_altar_lugonu_corruption
D:6:      layout_basic
D:7:      layout_basic, minmay_temple_entry_large_hall, uniq_menkaure,
          uniq_maggie
D:8:      layout_loops_cross, minmay_lair_entry_grove, minmay_diced_spiral
D:9:      layout_loops_ring, nicolae_overflow_crystal_walls, enter_bailey_5,
          minmay_holes, uniq_maurice, uniq_prince_ribbit1
D:10:     layout_loops_corners, david_orc_1_choice, minmay_rotating_lava,
          uniq_erolcha, uniq_fannar
D:11:     layout_layer_cave, minmay_shop_grid_forest
Temple:   nicolae_temple_slightly_damp_pantheon

Skill      XL: |  1  2  3  4  5  6  7  8  9 10 11 |
---------------+----------------------------------+-----
Unarmed Combat | 5 6 8 9 10 12 14 | 14.4
Shapeshifting  | 4 5 8 10 | 10.5
Dodging        | 4 6 |  6.0
Fighting       | |  0.7

Action                     |  1- 3 |  4- 6 |  7- 9 | 10-12 || total
---------------------------+-------+-------+-------+-------++-------
  Melee: Unarmed           |    32 |   106 |   310 |   312 ||   760
         Punch             |       |     4 |     7 |    18 ||    29
Ability: Begin Untransform |       |     1 |     2 |     2 ||     5
         Lunge             |       |       |       |    10 ||    10
         Whirlwind         |       |       |       |     1 ||     1
  Evoke: Wand              |       |       |       |     8 ||     8
    Use: Potion            |     1 |       |       |     4 ||     5
         Scroll            |       |       |     8 |    10 ||    18
   Stab: Sleeping          |       |     1 |       |     1 ||     2
 Armour: Animal skin       |    13 |    52 |    68 |       ||   133
         Skin              |       |     3 |   105 |     9 ||   117
         Steam dragon scal |       |       |    38 |   234 ||   272
  Dodge: Dodged            |     6 |    40 |   118 |   136 ||   300
  Block: Other             |       |       |       |    19 ||    19
   Form: Flux              |       |     1 |     1 |     2 ||     4
         Beast             |       |     1 |     1 |     1 ||     3
         Blade             |       |       |     1 |     4 ||     5
         Serpent           |       |       |       |     1 ||     1
